 Dungeon Crawl Stone Soup version 0.30-a0-49-g1cef19eb02 (webtiles) character file.

Game seed: 3797130887055756096

42 Newt the Trooper (level 3, 0/29 HPs)
             Began as a Demonspawn Gladiator on Sept 2, 2022.
             Succumbed to an adder's poison
             ... on level 2 of the Dungeon.
             The game lasted 00:01:42 (1456 turns).

Newt the Trooper (Demonspawn Gladiator)             Turns: 1456, Time: 00:01:43

Health: 0/29       AC:  5    Str: 16    XL:     3   Next: 35%
Magic:  3/3        EV: 12    Int:  9    God:
Gold:   56         SH:  0    Dex: 14    Spells: 2/2 levels left

rFire   + . .      SeeInvis .    a - +0 rapier
rCold   . . .      Faith    .    (no shield)
rNeg    . . .      Spirit   .    b - +0 leather armour
rPois   .          Reflect  .    c - +1 helmet
rElec   .          Harm     .    (no cloak)
rCorr   .          Rampage  .    (no gloves)
Will    .....                    (no boots)
Stlth   ++........               (no amulet)
HPRegen 0.09/turn                i - ring of protection from fire
MPRegen 0.08/turn                (no ring)

@: lethally poisoned (0 -> -5), hasted, very quick
A: powered by death 1
a: no special abilities


You were on level 2 of the Dungeon.
You visited 1 branch of the dungeon, and saw 2 of its levels.

You collected 56 gold pieces.

Inventory:

Hand Weapons
 a - a +0 rapier (weapon)
Missiles
 d - 2 throwing nets (quivered)
 e - a javelin
Armour
 b - a +0 leather armour (worn)
 c - a +1 helmet (worn)
Jewellery
 i - a ring of protection from fire (left hand)
Scrolls
 g - a scroll of noise {unknown}
Potions
 f - a potion of attraction
 j - a potion of lignification {unknown}


   Skills:
 + Level 3.1 Fighting
 - Level 2.6 Short Blades
 - Level 1.7 Throwing
 - Level 2.6 Dodging
 - Level 2.0 Stealth


You had 2 spell levels left.
You didn't know any spells.
Your spell library was empty.

Dungeon Overview and Level Annotations

Branches:
Dungeon (2/15)

Altars:

Shops:
D:1 (   D:2 !


Innate Abilities, Weirdness & Mutations

You regenerate a little health from kills.


Message History

The adder is heavily wounded.
You feel sick. The adder closely misses you.
The quokka bites you but does no damage.
The adder barely misses you.
You hit the adder.
The adder is severely wounded.
You feel sick. The quokka closely misses you. The adder bites you.
You are more poisoned.
The adder poisons you!
The quokka bites you but does no damage.
You are too injured to fight recklessly!
You are too injured to fight recklessly!
You are too injured to fight recklessly!
You are too injured to fight recklessly!
You are too injured to fight recklessly!
You are too injured to fight recklessly!
You are too injured to fight recklessly!
You are too injured to fight recklessly!
You are too injured to fight recklessly!
You are too injured to fight recklessly!
You are too injured to fight recklessly!
You are too injured to fight recklessly!
Unknown command.
You completely miss the adder.
The adder is severely wounded.
You feel sick. The adder bites you but does no damage. The quokka bites you.
Throw: 3 throwing nets
Press: ? - help, Q - select action, (/) - cycle Shift-Dir - straight line, f - adder
Aim: an adder (severely wounded, 40% to hit)
You throw a throwing net.
The throwing net completely misses the adder.
* * * LOW HITPOINT WARNING * * *
You feel sick. The adder bites you.
* * * LOW HITPOINT WARNING * * *
The quokka bites you.
* * * LOW HITPOINT WARNING * * *
The adder barely misses you.
Unknown command.
It was a potion of haste.
You feel yourself speed up.
You die...

........+......##
#.............######.#.
#.............'.......<
#.............######.##
#.............# #.#.
#........####.# #.#.
#........# #.# #.#.
#....r...####.######.#.
#(..S@................
#..#########.######.##
# #.# #.# #.# #.# #.#
#.# #.. ..# ### ###


You could see an adder and a quokka.

Vanquished Creatures
  3 dart slugs (D:2)
  5 ball pythons
  4 endoplasms
  2 giant cockroaches (D:1)
  4 goblins
  2 hobgoblins (D:1)
  2 jackals (D:1)
  A kobold (D:1)
  A quokka (D:1)
  4 bats
  2 frilled lizards (D:1)
  A rat (D:1)
31 creatures vanquished.

Notes
Turn   | Place    | Note
-------+----------+-------------------------------------------
     0 | D:1      | Newt the Demonspawn Gladiator began the quest for the Orb.
     0 | D:1      | Reached XP level 1. HP: 16/16 MP: 1/1
     1 | D:1      | Noticed a merfolk zombie
     3 | D:1      | Noticed a minotaur zombie
     3 | D:1      | Noticed a demonspawn zombie
     7 | D:1      | Noticed a merfolk zombie
    13 | D:1      | Noticed a demonspawn zombie
    15 | D:1      | Noticed a minotaur zombie
    50 | D:1      | Reached skill level 1 in Stealth
   181 | D:1      | Gained mutation: You regenerate a little health from kills.
                  | [demonic ancestry]
   181 | D:1      | Reached XP level 2. HP: 18/22 MP: 2/2
   797 | D:1      | Found Qigois's Antique Weapon Shoppe.
   868 | D:2      | Reached XP level 3. HP: 28/28 MP: 3/3
  1250 | D:2      | Reached skill level 3 in Fighting
  1438 | D:2      | Found Quxkifasm's Distillery.
  1455 | D:2      | HP: 1/29 [quokka (3)]
  1456 | D:2      | Succumbed to an adder's poison

Illustrated notes

Levels and vault maps discovered:
D:1:      shiori_arrival_whats_in_store_for_you, layout_rooms, serial_shops,
          shop_fountains, minmay_misc_feat_diagonals, grunt_decor_clamped
D:2:      layout_basic, serial_shops, shop

Skill      XL: |  1  2  3 |
---------------+----------+-----
Stealth        | 1 2 |  2.0
Fighting       | 3 |  3.1
Short Blades   | |  2.6
Throwing       | |  1.7
Dodging        | |  2.6

Action                   || total
-------------------------++-------
Melee: Rapier            ||   110
Throw: Javelin           ||     1
       Throwing net      ||     1
  Use: Scroll            ||     7
       Potion            ||     1
 Stab: Sleeping          ||     5
Armor: Leather armour    ||    46
Dodge: Dodged            ||    83

Table legend: (Time is in decaauts)
 A = Elapsed time spent in this place.
 B = Non-inter-level travel time spent in this place.
 C = Inter-level travel time spent in this place.
 D = Time resting spent in this place.
 E = Time spent auto-exploring this place.
 F = Levels seen in this place.
 G = Mean time per level.
                   A        B        C        D        E       F      G
               +--------+--------+--------+--------+--------+-----+--------+
         Total |   1463 |   1453 |     10 |    207 |    995 |   2 |  731.5 |
       Dungeon |   1463 |   1453 |     10 |    207 |    995 |   2 |  731.5 |
               +--------+--------+--------+--------+--------+-----+--------+

Top non-repeatable levels by time:
     D:1: 868 daAuts
     D:2: 594 daAuts
